 Dungeon Crawl Stone Soup version 0.22.0-21-g8bd1b0a (webtiles) character file.

41 Lew the Skirmisher (level 3, 19/29 HPs)
             Began as a Demonspawn Abyssal Knight on Aug 19, 2018.
             Was a Follower of Lugonu.
             Quit the game on level 2 of the Dungeon.
             The game lasted 00:03:33 (1487 turns).

Lew the Skirmisher (Demonspawn Abyssal Knight)      Turns: 1487, Time: 00:03:33

Health: 19/29      AC:  5    Str: 12 (13) XL:     3   Next: 32%
Magic:  4/4        EV: 10    Int: 11 (13) God:    Lugonu [*.....]
Gold:   39         SH:  0    Dex: 10 (12) Spells: 2/2 levels left

rFire    . . .     SeeInvis .   h - -2 dagger (curse)
rCold    . . .     Gourm    .   (no shield)
rNeg     . . .     Faith    .   g - +0 ring mail
rPois    .         Spirit   .   (no helmet)
rElec    .         Reflect  .   (no cloak)
rCorr    .         Harm     .   (no gloves)
MR       .....                  (no boots)
Stlth    ..........             (no amulet)
HPRegen  0.09/turn              (no ring)
MPRegen  0.09/turn              (no ring)

@: about to teleport
A: claws 1, demonic guardian 1
a: Depart the Abyss, Renounce Religion


You were on level 2 of the Dungeon.
You worshipped Lugonu.
Lugonu was aware of your devotion.
You were not hungry.

You visited 1 branch of the dungeon, and saw 2 of its levels.
You visited the Abyss 1 time.

You collected 39 gold pieces.

Inventory:

Hand Weapons
 a - a +1 falchion
 d - a +1 antimagic hand axe
 e - a +3 dagger
 h - a cursed -2 dagger (weapon)
Armour
 g - a +0 ring mail (worn)
Scrolls
 c - a scroll of identify
Potions
 b - a potion of mutation {unknown}


   Skills:
 + Level 3.4 Fighting
 + Level 2.2 Long Blades
 + Level 2.3 Armour
 + Level 1.5 Dodging
 - Level 2.4 Invocations


You had 2 spell levels left.
You didn't know any spells.
Your spell library contained the following spells:

 Spells                   Type           Power        Failure   Level  Hunger
 Static Discharge         Conj/Air       #.......     93%         3    ####...
 Lightning Bolt           Conj/Air       #.........   100%        5    ######.
 Ignition                 Fire           #.........   100%        8    #######
 Shatter                  Erth           #.........   100%        9    #######
 Tornado                  Air            #.........   100%        9    #######


Dungeon Overview and Level Annotations

Branches:
Dungeon (2/15)

Altars:


Innate Abilities, Weirdness & Mutations

You have sharp fingernails.
A weak demonic guardian rushes to your aid.


Message History

A dart slug is nearby!
You puncture the dart slug!
The dart slug is almost dead.
A dart slug is nearby!
You hit the dart slug.
You kill the dart slug!
Lugonu accepts your kill.
Found an escape hatch in the ceiling.
You see here a dart slug corpse.
No target in view!
No target in view!
You see here an enchanted dagger.
h - an enchanted dagger Wield which item (- for none, * to show all)? (? for menu, Esc to quit)
It sticks to your claw!
h - a cursed -2 dagger (weapon)
You can't unwield your weapon to draw a new one!
As you read the scroll labeled KAYR TUSCHASM, it crumbles to dust.
You feel strangely unstable.
It was a scroll of teleportation.
Are you sure you want to abandon this character and quit the game? (Confirm with "yes".)

#####.....###......
..
#....)............#
##..
#[#####.)##.....#.#
.....
####.#######....
.... #....# ....#
#..### #.####
.###.. #...#
##.#####. ## ##.
#..####........# #
#....@..#######
##....#### #†....#
.........#......
#.##.###.######.. #
#.# #.. ###< #


There were no monsters in sight!

Vanquished Creatures
  2 dart slugs (D:2)
  A ball python (D:1)
  A giant cockroach (D:1)
  5 hobgoblins
  3 jackals (D:1)
  5 bats (D:1)
  A frilled lizard (D:1)
  7 goblins
  6 kobolds
  2 rats (D:1)
33 creatures vanquished.

Notes
Turn   | Place    | Note
-------+----------+-------------------------------------------
     0 | Abyss:1  | Lew the Demonspawn Abyssal Knight began the quest for the Orb.
     0 | Abyss:1  | Reached XP level 1. HP: 18/18 MP: 2/2
    34 | Abyss:1  | Noticed an apocalypse crab
    46 | Abyss:2  | Noticed a large abomination
    95 | D:1      | Escaped the Abyss
   413 | D:1      | Reached skill level 1 in Dodging
   424 | D:1      | Reached * piety under Lugonu
   649 | D:1      | Gained mutation: A weak demonic guardian rushes to your aid. [demonic ancestry]
   649 | D:1      | Reached XP level 2. HP: 21/24 MP: 3/3
  1406 | D:2      | Gained mutation: You have sharp fingernails. [demonic ancestry]
  1406 | D:2      | Reached XP level 3. HP: 28/29 MP: 4/4
  1487 | D:2      | Quit the game

Skill      XL: |  1 |
---------------+----+-----
Dodging        | 1 |  1.5
Armour         | 2 |  2.3
Long Blades    | 2 |  2.2
Fighting       | |  3.4
Invocations    | |  2.4

Action                   || total
-------------------------++-------
Melee: Dagger            ||   122
       Hand axe          ||     2
Invok: Depart the Abyss  ||     1
  Use: Potion            ||     1
       Scroll            ||     2
  Eat: Ration            ||     1
Armor: Leather armour    ||    24
       Ring mail         ||    21
Dodge: Dodged            ||    94
